TOP OF THE 1ST |
Ft. Polk South Thunder Hawks batting - Pitching for Billings Polar Bears : RHP Anatoly Ivanovich
|
Pitching: RHP Anatoly Ivanovich
|
|
Batting: RHB Chan-Wook Park
|
0-0: Ground out 4-3 (Groundball, 4S)
|
Batting: RHB Peter Feng
|
0-0: Ball 1-0: Ball 2-0: SINGLE (Groundball, 34D)
|
Batting: RHB Jesús Torres
|
0-0: Called Strike 0-1: Ball 1-1: Fielders Choice at 2nd, 4-6 (Groundball, 4)
|
Batting: RHB Rob Morse
|
0-0: SINGLE (Groundball, 6MD) Jesús Torres to second Runner from 2nd tries for 3rd, SAFE, no throw
|
Batting: RHB Aaron Dixon
|
0-0: Foul Ball, location: 2F 0-1: Ball 1-1: Ball 2-1: 3-RUN HOME RUN (Flyball, 78XD), Distance : 423 ft
|
Batting: RHB Erik Sterk
|
0-0: Ground out 5-3 (Groundball, 56)
|
Top of the 1st over - 3 run(s), 3 hit(s), 0 error(s), 0 left on base; Ft. Polk South 3 - Billings 0 |
BOTTOM OF THE 1ST |
Billings Polar Bears batting - Pitching for Ft. Polk South Thunder Hawks : RHP Louis McDowell
|
Pitching: RHP Louis McDowell
|
|
Batting: LHB Carlos Medellín
|
0-0: Ball 1-0: Swinging Strike 1-1: Ball 2-1: Swinging Strike 2-2: Strikes out looking
|
Batting: LHB Augustus Driscoll
|
0-0: Ground out 1-3 (Groundball, P)
|
Batting: RHB Wu-shiun Wang
|
0-0: Ball 1-0: Foul Ball, location: 2F 1-1: Ball 2-1: Ball 3-1: Called Strike 3-2: Foul Ball, location: 2F 3-2: SINGLE (Flyball, 7S)
|
Batting: RHB Apu Nahasapeemapetilon
|
0-0: Ball 1-0: Foul Ball, location: 2F 1-1: Ball 2-1: Swinging Strike 2-2: Fly out, F8 (Flyball, 78M)
|
Bottom of the 1st over - 0 run(s), 1 hit(s), 0 error(s), 1 left on base; Ft. Polk South 3 - Billings 0 |
TOP OF THE 2ND |
Ft. Polk South Thunder Hawks batting - Pitching for Billings Polar Bears : RHP Anatoly Ivanovich
|
Batting: RHB Billy Hess
|
0-0: Ball 1-0: Foul Ball, location: 2F 1-1: Fly out, F9 (Flyball, 89M)
|
Batting: LHB Tim Stinson
|
0-0: Called Strike 0-1: Called Strike 0-2: Strikes out swinging
|
Batting: RHB Peter Agulera
|
0-0: Ball 1-0: Ball 2-0: Ball 3-0: Called Strike 3-1: Fly out, F9 (Flyball, 9LSF)
|
Top of the 2nd over - 0 run(s), 0 hit(s), 0 error(s), 0 left on base; Ft. Polk South 3 - Billings 0 |
BOTTOM OF THE 2ND |
Billings Polar Bears batting - Pitching for Ft. Polk South Thunder Hawks : RHP Louis McDowell
|
Batting: RHB Arturo Scantlebury
|
0-0: SINGLE (Groundball, 6MD)
|
Batting: LHB Fa-tang Wang
|
0-0: Ball 1-0: Ball 2-0: Foul Ball, location: 2F 2-1: Fly out, F2 (Popup, 5S)
|
Batting: LHB Gary Malone
|
0-0: Foul Ball, location: 2F 0-1: Ball 1-1: Ball 2-1: Fly out, F4 (Popup, 4D)
|
Batting: RHB Jorge Noutel
|
0-0: Ball 1-0: Fielders Choice at 2nd, 5-4 (Groundball, 56)
|
Bottom of the 2nd over - 0 run(s), 1 hit(s), 0 error(s), 0 left on base; Ft. Polk South 3 - Billings 0 |
TOP OF THE 3RD |
Ft. Polk South Thunder Hawks batting - Pitching for Billings Polar Bears : RHP Anatoly Ivanovich
|
Batting: RHB Chan-Wook Park
|
0-0: Foul Ball, location: 2F 0-1: Ball 1-1: Ball 2-1: Foul Ball, location: 2F 2-2: Strikes out swinging
|
Batting: RHB Peter Feng
|
0-0: Ball 1-0: Ball 2-0: Called Strike 2-1: Swinging Strike 2-2: Strikes out swinging
|
Batting: RHB Jesús Torres
|
0-0: Called Strike 0-1: Ball 1-1: Foul Ball, location: 2F 1-2: Ball 2-2: Strikes out swinging
|
Top of the 3rd over - 0 run(s), 0 hit(s), 0 error(s), 0 left on base; Ft. Polk South 3 - Billings 0 |
BOTTOM OF THE 3RD |
Billings Polar Bears batting - Pitching for Ft. Polk South Thunder Hawks : RHP Louis McDowell
|
Batting: LHB Mike Goff
|
0-0: SINGLE (Flyball, 7LM) - OUT at second base trying to stretch hit.
|
Batting: LHB Carlos Medellín
|
0-0: Fly out, F8 (Flyball, 8RD)
|
Batting: LHB Augustus Driscoll
|
0-0: Ball 1-0: Ball 2-0: Ball 3-0: Called Strike 3-1: Foul Ball, location: 2F 3-2: Base on Balls
|
Batting: RHB Wu-shiun Wang
|
Pickoff Throw to First - Out!
|
Bottom of the 3rd over - 0 run(s), 1 hit(s), 0 error(s), 0 left on base; Ft. Polk South 3 - Billings 0 |
TOP OF THE 4TH |
Ft. Polk South Thunder Hawks batting - Pitching for Billings Polar Bears : RHP Anatoly Ivanovich
|
Batting: RHB Rob Morse
|
0-0: Called Strike 0-1: Ground out 5-3 (Groundball, 5)
|
Batting: RHB Aaron Dixon
|
0-0: Ball 1-0: Ball 2-0: Swinging Strike 2-1: Foul Ball, location: 2F 2-2: Ball 3-2: Strikes out looking
|
Batting: RHB Erik Sterk
|
0-0: SINGLE (Line Drive, 34D)
|
Batting: RHB Billy Hess
|
0-0: Ball 1-0: Ball 2-0: Foul Ball, location: 2F 2-1: Called Strike 2-2: Ball 3-2: Fly out, F9 (Flyball, 9)
|
Top of the 4th over - 0 run(s), 1 hit(s), 0 error(s), 1 left on base; Ft. Polk South 3 - Billings 0 |
BOTTOM OF THE 4TH |
Billings Polar Bears batting - Pitching for Ft. Polk South Thunder Hawks : RHP Louis McDowell
|
Batting: RHB Wu-shiun Wang
|
0-0: Called Strike 0-1: Single, Error in OF, E7, batter to second base
|
Batting: RHB Apu Nahasapeemapetilon
|
0-0: Ground out 5-3 (Groundball, 56)
|
Batting: RHB Arturo Scantlebury
|
0-0: Called Strike 0-1: Foul Ball, location: 2F 0-2: Ball 1-2: Ball 2-2: Strikes out swinging
|
Batting: LHB Fa-tang Wang
|
0-0: Called Strike 0-1: Called Strike 0-2: Foul Ball, location: 2F 0-2: Strikes out swinging
|
Bottom of the 4th over - 0 run(s), 1 hit(s), 1 error(s), 1 left on base; Ft. Polk South 3 - Billings 0 |
TOP OF THE 5TH |
Ft. Polk South Thunder Hawks batting - Pitching for Billings Polar Bears : RHP Anatoly Ivanovich
|
Batting: LHB Tim Stinson
|
0-0: SINGLE (Line Drive, 78S)
|
Batting: RHB Peter Agulera
|
0-0: Sac Bunt - play at first, batter OUT! 5-3 Tim Stinson to second
|
Batting: RHB Chan-Wook Park
|
0-0: SINGLE (Flyball, 7S) Tim Stinson to third Runner from 3rd tries for Home, SAFE, throw made home
|
Batting: RHB Peter Feng
|
0-0: Swinging Strike 0-1: Foul Ball, location: 2F 0-2: Strikes out swinging
|
Batting: RHB Jesús Torres
|
0-0: Ball 1-0: Called Strike 1-1: Called Strike 1-2: Strikes out swinging
|
Top of the 5th over - 1 run(s), 2 hit(s), 0 error(s), 1 left on base; Ft. Polk South 4 - Billings 0 |
BOTTOM OF THE 5TH |
Billings Polar Bears batting - Pitching for Ft. Polk South Thunder Hawks : RHP Louis McDowell
|
Batting: LHB Gary Malone
|
0-0: Ball 1-0: Swinging Strike 1-1: Foul Ball, location: 2F 1-2: Strikes out swinging
|
Batting: RHB Jorge Noutel
|
0-0: SINGLE (Line Drive, 7LM)
|
Batting: LHB Mike Goff
|
0-0: Foul Ball, location: 2F 0-1: Foul Ball, location: 2F 0-2: Strikes out swinging
|
Batting: LHB Carlos Medellín
|
0-0: Called Strike 0-1: Foul Ball, location: 2F 0-2: Foul Ball, location: 2F 0-2: Ball 1-2: Ball 2-2: Ball Jorge Noutel steals 2nd base 3-2: Strikes out swinging
|
Bottom of the 5th over - 0 run(s), 1 hit(s), 0 error(s), 1 left on base; Ft. Polk South 4 - Billings 0 |
TOP OF THE 6TH |
Ft. Polk South Thunder Hawks batting - Pitching for Billings Polar Bears : RHP Anatoly Ivanovich
|
Batting: RHB Rob Morse
|
0-0: Foul Ball, location: 2F 0-1: Ground out 1-3 (Groundball, 13)
|
Batting: RHB Aaron Dixon
|
0-0: Called Strike 0-1: Ball 1-1: Swinging Strike 1-2: Ball 2-2: Foul Ball, location: 2F 2-2: Strikes out swinging
|
Batting: RHB Erik Sterk
|
0-0: Ball 1-0: Ball 2-0: Swinging Strike 2-1: Called Strike 2-2: Strikes out swinging
|
Top of the 6th over - 0 run(s), 0 hit(s), 0 error(s), 0 left on base; Ft. Polk South 4 - Billings 0 |
BOTTOM OF THE 6TH |
Billings Polar Bears batting - Pitching for Ft. Polk South Thunder Hawks : RHP Louis McDowell
|
Batting: LHB Augustus Driscoll
|
0-0: Called Strike 0-1: Ball 1-1: Ball 2-1: Ball 3-1: Fly out, F7 (Flyball, 7LM)
|
Batting: RHB Wu-shiun Wang
|
0-0: SINGLE (Line Drive, 34D)
|
Batting: RHB Apu Nahasapeemapetilon
|
0-0: Foul Ball, location: 2F 0-1: Foul Ball, location: 2F 0-2: Ball 1-2: Reached on error, E5 (Groundball, 56) Wu-shiun Wang to third
|
Batting: RHB Arturo Scantlebury
|
0-0: Ball 1-0: Foul Ball, location: 2F 1-1: Fly out, F4 (Line Drive, 4)
|
Batting: LHB Fa-tang Wang
|
0-0: Swinging Strike 0-1: SINGLE (Line Drive, 8LS) Wu-shiun Wang scores Apu Nahasapeemapetilon to third
|
Batting: LHB Gary Malone
|
0-0: Ball 1-0: Called Strike 1-1: Ball 2-1: Ball 3-1: Swinging Strike 3-2: Foul Ball, location: 2F 3-2: SINGLE (Groundball, 6MD) Apu Nahasapeemapetilon scores Fa-tang Wang to second Fa-tang Wang to third
|
Pitching: LHP César Vásquez
|
|
Batting: RHB Jorge Noutel
|
0-0: TRIPLE (Flyball, 78M) Fa-tang Wang scores Gary Malone scores
|
Batting: LHB Mike Goff
|
0-0: Ball 1-0: Swinging Strike 1-1: Fly out, F9 (Flyball, 89XD)
|
Bottom of the 6th over - 4 run(s), 4 hit(s), 1 error(s), 1 left on base; Ft. Polk South 4 - Billings 4 |
TOP OF THE 7TH |
Ft. Polk South Thunder Hawks batting - Pitching for Billings Polar Bears : RHP Anatoly Ivanovich
|
Pinch Hitting: RHB César Villarreal
|
0-0: Ground out 6-3 (Groundball, 6)
|
Batting: LHB Tim Stinson
|
0-0: Ball 1-0: Called Strike 1-1: Ball 2-1: Ground out U3 (Groundball, 3S)
|
Batting: RHB Peter Agulera
|
0-0: Ball 1-0: Called Strike 1-1: Ball 2-1: Ball 3-1: Base on Balls
|
Pitching: RHP Bryan Tuff
|
|
Pinch Hitting: RHB Alejandro Santiago
|
0-0: SINGLE (Line Drive, 7) Peter Agulera to second
|
Pinch Hitting: SHB Álex Castillo
|
0-0: Ball 1-0: Ball 2-0: Called Strike 2-1: Swinging Strike 2-2: Strikes out swinging
|
Top of the 7th over - 0 run(s), 1 hit(s), 0 error(s), 2 left on base; Ft. Polk South 4 - Billings 4 |
BOTTOM OF THE 7TH |
Billings Polar Bears batting - Pitching for Ft. Polk South Thunder Hawks : LHP César Vásquez
|
Now at 1B: Alejandro Santiago
|
|
Now at 3B: Álex Castillo
|
|
Now in LF: César Villarreal
|
|
Pinch Hitting: RHB Tracy Larson
|
0-0: Foul Ball, location: 2F 0-1: Ball 1-1: Swinging Strike 1-2: Strikes out swinging
|
Batting: LHB Augustus Driscoll
|
0-0: Ground out U3 (Groundball, 3L)
|
Batting: RHB Wu-shiun Wang
|
0-0: Ball 1-0: Foul Ball, location: 2F 1-1: SINGLE (Groundball, 6D)
|
Batting: RHB Apu Nahasapeemapetilon
|
0-0: Called Strike 0-1: Ball 1-1: Ball 2-1: Ball 3-1: Called Strike 3-2: SINGLE (Line Drive, 7S) Wu-shiun Wang to second Wu-shiun Wang to third
|
Batting: RHB Arturo Scantlebury
|
0-0: Called Strike 0-1: Foul Ball, location: 2F 0-2: Ball 1-2: Fly out, F6 (Popup, 6D)
|
Bottom of the 7th over - 0 run(s), 2 hit(s), 0 error(s), 2 left on base; Ft. Polk South 4 - Billings 4 |
TOP OF THE 8TH |
Ft. Polk South Thunder Hawks batting - Pitching for Billings Polar Bears : RHP Bryan Tuff
|
Now in RF: Terry Sylvester
|
|
Pinch Hitting: RHB Pedro Méndez
|
0-0: Ball 1-0: Ball 2-0: Called Strike 2-1: Ground out 6-3 (Groundball, 6M)
|
Batting: RHB Rob Morse
|
0-0: Ball 1-0: Swinging Strike 1-1: SINGLE (Groundball, 4MD)
|
Batting: RHB Aaron Dixon
|
0-0: Ball 1-0: Called Strike 1-1: Ball 2-1: Called Strike 2-2: Ball 3-2: Strikes out swinging
|
Batting: RHB Erik Sterk
|
0-0: TRIPLE (Line Drive, 8LD) Rob Morse scores
|
Batting: RHB César Villarreal
|
0-0: Ball 1-0: Ball 2-0: Ball 3-0: Base on Balls
|
Batting: LHB Tim Stinson
|
0-0: Fly out, F8 (Line Drive, 8LM)
|
Top of the 8th over - 1 run(s), 2 hit(s), 0 error(s), 2 left on base; Ft. Polk South 5 - Billings 4 |
BOTTOM OF THE 8TH |
Billings Polar Bears batting - Pitching for Ft. Polk South Thunder Hawks : LHP César Vásquez
|
Now at SS: José Morín
|
|
Batting: LHB Fa-tang Wang
|
0-0: Ball 1-0: Called Strike 1-1: Swinging Strike 1-2: Strikes out swinging
|
Batting: LHB Gary Malone
|
0-0: Called Strike 0-1: Ball 1-1: Ball 2-1: Foul Ball, location: 2F 2-2: Foul Ball, location: 2F 2-2: SINGLE (Groundball, P) (infield hit)
|
Pitching: RHP Gil Reeves
|
|
Batting: RHB Jorge Noutel
|
0-0: Ball 1-0: Swinging Strike 1-1: Foul Ball, location: 2F 1-2: Ground out 6-3 (Groundball, 6) Gary Malone to second
|
Batting: LHB Mike Goff
|
0-0: Called Strike 0-1: Foul Ball, location: 2F 0-2: Foul Ball, location: 2F 0-2: Ball 1-2: Foul Ball, location: 2F 1-2: Ball 2-2: Ball Wild Pitch! Gary Malone to third 3-2: Foul Ball, location: 2F 3-2: Foul Ball, location: 2F 3-2: Strikes out swinging
|
Bottom of the 8th over - 0 run(s), 1 hit(s), 0 error(s), 1 left on base; Ft. Polk South 5 - Billings 4 |
TOP OF THE 9TH |
Ft. Polk South Thunder Hawks batting - Pitching for Billings Polar Bears : RHP Bryan Tuff
|
Batting: RHB Peter Agulera
|
0-0: Ball 1-0: Foul Ball, location: 2F 1-1: Ball 2-1: SINGLE (Line Drive, 4MD)
|
Batting: RHB Alejandro Santiago
|
0-0: Foul Ball, location: 2F 0-1: Sac Bunt - play at first, batter OUT! 2-3 Peter Agulera to second
|
Batting: SHB Álex Castillo
|
0-0: Called Strike 0-1: Ground out 4-3 (Groundball, 4) Peter Agulera to third
|
Batting: RHB José Morín
|
0-0: Ball 1-0: Called Strike 1-1: Foul Ball, location: 2F 1-2: Foul Ball, location: 2F 1-2: Foul Ball, location: 2F 1-2: Foul Ball, location: 2F 1-2: Strikes out swinging
|
Top of the 9th over - 0 run(s), 1 hit(s), 0 error(s), 1 left on base; Ft. Polk South 5 - Billings 4 |
BOTTOM OF THE 9TH |
Billings Polar Bears batting - Pitching for Ft. Polk South Thunder Hawks : RHP Gil Reeves
|
Pinch Hitting: LHB Víctor Fortis
|
0-0: Ball 1-0: Ball 2-0: Ball 3-0: Base on Balls
|
Batting: LHB Augustus Driscoll
|
0-0: Ball 1-0: Ground out 4-3 (Groundball, 34) Víctor Fortis to second
|
Batting: RHB Wu-shiun Wang
|
0-0: Ball 1-0: Ball 2-0: SINGLE (Line Drive, 78M) Víctor Fortis to third Runner from 3rd tries for Home, SAFE, no throw
|
Batting: RHB Apu Nahasapeemapetilon
|
0-0: Ball Wu-shiun Wang steals 2nd base 1-0: Intentional Walk
|
Batting: RHB Arturo Scantlebury
|
0-0: Grounds into double play, 1-6-3 (Groundball, 13S)
|
Bottom of the 9th over - 1 run(s), 1 hit(s), 0 error(s), 1 left on base; Ft. Polk South 5 - Billings 5 |
TOP OF THE 10TH |
Ft. Polk South Thunder Hawks batting - Pitching for Billings Polar Bears : RHP Bryan Tuff
|
Pitching: RHP Raúl Flores
|
|
Now in LF: Víctor Fortis
|
|
Batting: RHB Rob Morse
|
0-0: Ball 1-0: Called Strike 1-1: Called Strike 1-2: Ground out 1-3 (Groundball, 13)
|
Batting: RHB Aaron Dixon
|
0-0: Called Strike 0-1: Ball 1-1: Ball 2-1: Fly out, F6 (Popup, 56D)
|
Batting: RHB Erik Sterk
|
0-0: Called Strike 0-1: Called Strike 0-2: Strikes out swinging
|
Top of the 10th over - 0 run(s), 0 hit(s), 0 error(s), 0 left on base; Ft. Polk South 5 - Billings 5 |
BOTTOM OF THE 10TH |
Billings Polar Bears batting - Pitching for Ft. Polk South Thunder Hawks : RHP Gil Reeves
|
Batting: LHB Fa-tang Wang
|
0-0: Called Strike 0-1: SOLO HOME RUN (Flyball, 9D), Distance : 387 ft
|
Monday, August 28th, 2017 - OOTP Baseball 17.12 Build 75
|
|